 Dungeon Crawl Stone Soup version 0.16.1-18-g436b03c (webtiles) character file.

163 linquant the Grave Robber (level 5, -2/33 (37) HPs)
             Began as a Demonspawn Necromancer on May 16, 2015.
             Was a Follower of Yredelemnul.
             Slain by a river rat (6 damage)
             ... in a sewer.
             The game lasted 00:32:42 (2135 turns).

linquant the Grave Robber (Demonspawn Necromancer)  Turns: 2135, Time: 00:32:48

HP:   -2/33 (37)    AC:  2    Str:  8    XL:     5   Next: 20%
MP:   5/9           EV: 13    Int: 17    God:    Yredelemnul [*.....]
Gold: 176           SH:  0    Dex: 14    Spells: 2 memorised, 6 levels left

rFire  . . .     SeeInvis .     s - +2 short sword (flame)
rCold  . . .     Clarity  .     a - +0 robe
rNeg   . . .     SustAb   .     (no shield)
rPois  .         Gourm    .     (helmet restricted)
rElec  .         Spirit   .     (no cloak)
rCorr  .         Warding  .     (no gloves)
rMut   .         Stasis   .     (no boots)
MR     .....                    (no amulet)
Stlth  ++........               (no ring)
                                (no ring)

@: not resistant to hostile enchantments, unstealthy
A: horns 1, spiny 2
a: Animate Remains, Renounce Religion


You were in a sewer.
You worshipped Yredelemnul.
Yredelemnul was aware of your devotion.
You were hungry.

You visited 1 branch of the dungeon, and saw 3 of its levels.
You also visited: Sewer.

You collected 176 gold pieces.

Inventory:

Hand weapons
 d - a +2 whip of electrocution
 e - a +0 dagger
 s - a +2 short sword of flaming (weapon)
Armour
 a - a +0 robe (worn)
 t - a +0 leather armour
Scrolls
 f - 2 scrolls of fear
 h - a scroll of noise
 j - a scroll of magic mapping {unknown}
 k - 4 scrolls of recharging
 l - 2 scrolls of teleportation
 o - a scroll of identify
 p - 2 scrolls of fog
 r - a scroll of blinking
Potions
 m - a potion of poison
 n - a potion of might
 q - a potion of haste {unknown}
 u - a potion of agility
 v - a potion of heal wounds {unknown}
Books
 b - a book of Necromancy

   Spells                             Type                      Level
   a - Pain                           Necromancy                   1
   b - Animate Skeleton               Necromancy                   1
   c - Vampiric Draining              Necromancy                   3
   d - Regeneration                   Charms/Necromancy            3
   e - Animate Dead                   Necromancy                   4
   f - Control Undead                 Necromancy                   4
Comestibles
 c - a bread ration
 g - a beef jerky
 i - 2 chunks of flesh


   Skills:
 + Level 1.5 Fighting
 + Level 1.0 Maces & Flails
 + Level 3.1 Dodging
 + Level 2.5 Stealth
 + Level 0.1 Unarmed Combat
 - Level 2.3 Spellcasting
 - Level 5.0 Necromancy


You had 6 spell levels left.
You knew the following spells:

 Your Spells              Type           Power        Failure   Level  Hunger
a - Pain                  Necr           ###.         2%          1    #......
b - Animate Skeleton      Necr           N/A          2%          1    #......


Dungeon Overview and Level Annotations

Branches:
Dungeon (3/15)

Altars:
Elyvilon
Sif Muna
Trog
Yredelemnul


Innate Abilities, Weirdness & Mutations

You have a pair of small horns on your head.
You are mostly covered in sharp spines.


Message History

Confirm with . or Enter, or press ? or * to list all spells.
Aiming: Pain
Press: ? - help, Shift-Dir - straight line, f - river rat
Aim: a river rat (chance 84%)
The river rat convulses in agony!
The river rat barely misses you.
Something bites the river rat but does no damage.
Casting: Pain
Confirm with . or Enter, or press ? or * to list all spells.
Aiming: Pain
Press: ? - help, Shift-Dir - straight line, f/p - river rat
Aim: a river rat (moderately wounded, chance 84%)
The river rat convulses in agony!
The river rat closely misses you.
Your rat skeleton bites the river rat but does no damage.
You closely miss the river rat.
The river rat is severely wounded.
The river rat bites you.
* * * LOW HITPOINT WARNING * * *
Something bites the rat.
The river rat bites you.
You die...
Your body rises from the dead as a mindless zombie.

#### ≈#≈ ≈≈# ## #.#
#.# ##.# #r##@#
#.#r### #r#Z.#
####.### #.#.#ZZ#
#..Z##.# #.###.###
###############Z###
.≈≈≈≈≈......≈.≈%.∩#


You could see a river rat, a rat and a friendly rat skeleton.

Vanquished Creatures
  4 adders
  3 giant mites
  A river rat (Sewer)
  2 worms (D:2)
  4 orcs (D:3)
  4 goblins
  4 hobgoblins
  5 jackals
  3 kobolds
  A quokka (D:3)
  3 ball pythons
  4 bats
  4 giant cockroaches (D:3)
  4 giant newts
  10 rats
56 creatures vanquished.

Vanquished Creatures (collateral kills)
  2 adders (D:3)
  A giant mite (D:3)
  An ooze (D:3)
  2 orcs (D:3)
  A ball python (D:1)
  A hobgoblin (D:1)
  2 kobolds
  A quokka (D:3)
  2 giant cockroaches (D:3)
  3 goblins
  3 rats
19 creatures vanquished.

Vanquished Creatures (others)
  2 adder skeletons (D:3)
  A jackal skeleton (D:2)
  2 orc skeletons (D:3)
  A quokka skeleton (D:3)
6 creatures vanquished.

Grand Total: 81 creatures vanquished

Notes
Turn   | Place    | Note
--------------------------------------------------------------
     0 | D:1      | linquant, the Demonspawn Necromancer, began the quest for the Orb.
     0 | D:1      | Reached XP level 1. HP: 13/13 MP: 3/3
    46 | D:1      | Learned a level 1 spell: Animate Skeleton
   309 | D:1      | Gained mutation: You have a pair of small horns on your head. [demonic ancestry]
   309 | D:1      | Reached XP level 2. HP: 13/19 MP: 2/4
   666 | D:2      | Reached skill level 5 in Necromancy
   916 | D:2      | Gained mutation: You are partially covered in sharp spines. [demonic ancestry]
   916 | D:2      | Reached XP level 3. HP: 21/24 MP: 2/6
  1019 | D:2      | Found a deep blue altar of Sif Muna.
  1025 | D:2      | Found a basalt altar of Yredelemnul.
  1025 | D:2      | Found a bloodstained altar of Trog.
  1034 | D:2      | Found a white marble altar of Elyvilon.
  1043 | D:2      | Became a worshipper of Trog the Wrathful
  1059 | D:2      | Fell from the grace of Trog
  1059 | D:2      | Became a worshipper of Yredelemnul the Dark
  1593 | D:3      | Reached XP level 4. HP: 24/31 MP: 4/8
  1728 | D:3      | Acquired Yredelemnul's first power
  1797 | D:3      | Reached skill level 1 in Fighting
  1984 | D:3      | Reached skill level 1 in Maces & Flails
  1984 | D:3      | Gained mutation: You are mostly covered in sharp spines. [demonic ancestry]
  1984 | D:3      | Reached XP level 5. HP: 12/33 MP: 6/9
  2004 | D:3      | Found a glowing drain.
  2018 | Sewer    | Entered a sewer
  2135 | Sewer    | Slain by a river rat

Action                   |  1- 3 |  4- 6 || total
-------------------------+-------+-------++-------
Melee: Whip              |    59 |     4 ||    63
       Unarmed           |     2 |       ||     2
       Short sword       |       |    32 ||    32
 Cast: Pain              |    37 |    22 ||    59
       Animate Skeleton  |     7 |    12 ||    19
  Use: Scroll            |     9 |     2 ||    11
       Potion            |     2 |     2 ||     4
  Eat: Beef jerky        |     1 |       ||     1
       Chunk             |     1 |       ||     1
       Pizza             |       |     1 ||     1
